 Dungeon Crawl Stone Soup version 0.30-a0-924-g0ad0bf95bc (webtiles) character file.

Game seed: 11035313552046410986

133 hikkokomori the Shooter (level 5, -6/42 HPs)
             Began as a Barachi Hunter on Mar 23, 2023.
             Mangled by an iguana (13 damage)
             ... on level 3 of the Dungeon.
             The game lasted 00:02:37 (2272 turns).

hikkokomori the Shooter (Barachi Hunter)            Turns: 2272, Time: 00:02:38

Health: -6/42      AC:  3    Str: 13    XL:     5   Next: 16%
Magic:  5/5        EV: 13    Int:  9    God:
Gold:   154        SH:  0    Dex: 17    Spells: 4/4 levels left

rFire   . . .      SeeInvis .    a - +0 shortbow
rCold   . . .      Faith    .    (shield currently unavailable)
rNeg    . . .      Spirit   .    c - +0 leather armour
rPois   .          Reflect  .    (no helmet)
rElec   .          Rampage  .    (no cloak)
rCorr   .                        (no gloves)
Will    .....                    (no boots)
Stlth   ++                       (no amulet)
HPRegen 0.27/turn                (no ring)
MPRegen 0.09/turn                (no ring)

@: slow
A: amphibious, slowness 1, strong legs 1, +LOS
a: Hop


You were on level 3 of the Dungeon.
You visited 1 branch of the dungeon, and saw 4 of its levels.

You collected 154 gold pieces.

Inventory:

Hand Weapons
 a - a +0 shortbow (weapon)
Armour
 c - a +0 leather armour (worn)
Jewellery
 o - a ring of protection from fire
 p - an amulet of magic regeneration
 s - a ring of poison resistance
Scrolls
 b - 2 scrolls of immolation
 f - a scroll of vulnerability {unknown}
 g - 4 scrolls of teleportation
 i - 2 scrolls of blinking {unknown}
 k - 3 scrolls of identify {unknown}
 l - 3 scrolls of magic mapping {unknown}
 q - a scroll of enchant weapon {unknown}
 r - a scroll of fog {unknown}
Potions
 d - a potion of magic {unknown}
 e - a potion of brilliance {unknown}
 h - a potion of degeneration {unknown}
 j - a potion of flight {unknown}
 m - a potion of curing {unknown}
 n - a potion of mutation {unknown}


   Skills:
 + Level 3.7 Fighting
 + Level 4.6 Ranged Weapons
 + Level 3.4 Dodging
 + Level 2.4 Stealth


You had 4 spell levels left.
You didn't know any spells.
Your spell library contained the following spells:

 Spells                   Type           Power      Damage    Failure   Level
 Lesser Beckoning         Tloc           0%         N/A       61%         2
 Gell's Gravitas          Tloc           0%         N/A       83%         3
 Teleport Other           Tloc           0%         N/A       83%         3


Dungeon Overview and Level Annotations

Branches:
Dungeon (4/15)
 Temple: D:4-7

Altars:
Ashenzari
Trog


Innate Abilities, Weirdness & Mutations

You are amphibious.
You cover ground slowly.
You can hop short distances.
You have an extended range of vision and can be seen from far away.


Message History

* * * LOW HITPOINT WARNING * * *
The goblin attacks as you move away! The goblin closely misses you.
The hobgoblin misses you. The kobold closely misses you.
The hobgoblin hits you but does no damage.
The kobold attacks as you move away! The kobold barely misses you.
The iguana attacks as you move away! The iguana closely misses you.
The iguana attacks as you move away! The iguana barely misses you.
The kobold attacks as you move away!
The kobold hits you with a +0 short sword.
* * * LOW HITPOINT WARNING * * *
The kobold barely misses you.
You shoot an arrow. The arrow hits the kobold!
You kill the kobold!
You shoot an arrow.
The arrow hits the goblin but does no damage.
The goblin hits you but does no damage.
You shoot an arrow. The arrow hits the goblin!
You kill the goblin!
The hobgoblin misses you.
You shoot an arrow. The arrow hits the hobgoblin.
The hobgoblin is almost dead.
The hobgoblin barely misses you.
You shoot an arrow. The arrow barely misses the hobgoblin.
The arrow hits the iguana.
The iguana is heavily wounded.
The hobgoblin hits you but does no damage.
You shoot an arrow.
The arrow hits the hobgoblin but does no damage.
The hobgoblin is almost dead.
The hobgoblin hits you.
* * * LOW HITPOINT WARNING * * *
The hobgoblin closely misses you.
You shoot an arrow. The arrow hits the hobgoblin!
You kill the hobgoblin!
You shoot an arrow. The arrow hits the iguana.
The iguana is severely wounded.
The iguana misses you.
You shoot an arrow. The arrow closely misses the iguana.
The iguana barely misses you. The iguana bites you!
You die...

## .# .##
..###########
...#........######
........###....l@#
.##..........#####
#######>.........###
#.# ##...........###
#.#####.#..........#
#..#......##########
##..<.###.##
##....## #.##
....#.# #..#


You could see an iguana.

Vanquished Creatures
  Jessica (D:2)
  3 adders (D:2)
  A worm (D:2)
  3 dart slugs
  6 ball pythons
  7 bats
  7 endoplasms
  3 giant cockroaches
  9 goblins
  3 hobgoblins
  3 kobolds
  6 quokkas
  12 frilled lizards
  4 rats
68 creatures vanquished.

Vanquished Creatures (others)
  8 plants (D:3)
8 creatures vanquished.

Grand Total: 76 creatures vanquished

Notes
Turn   | Place    | Note
-------+----------+-------------------------------------------
     0 | D:1      | hikkokomori the Barachi Hunter began the quest for the Orb.
     0 | D:1      | Reached XP level 1. HP: 17/17 MP: 1/1
   116 | D:1      | Reached skill level 1 in Stealth
   246 | D:1      | Reached XP level 2. HP: 23/23 MP: 2/2
   550 | D:1      | Reached XP level 3. HP: 28/28 MP: 3/3
   566 | D:1      | Found a faded altar of an unknown god.
  1011 | D:2      | Noticed Jessica
  1013 | D:2      | Killed Jessica
  1014 | D:2      | Reached XP level 4. HP: 35/35 MP: 4/4
  1909 | D:3      | Reached XP level 5. HP: 41/41 MP: 5/5
  2096 | D:3      | Identified the +5 short sword of the Final Decision {vamp,
                  | rPois Str+4 Dex-5}
  2206 | D:3      | Found a bloodstained altar of Trog.
  2206 | D:3      | Found a broken altar of Ashenzari.
  2272 | D:3      | Mangled by an iguana

Illustrated notes

Levels and vault maps discovered:
D:1:      dpeg_arrival_snail, layout_basic,
          hellmonk_ecumenical_altar_pennies_from_heaven
D:2:      layout_basic, uniq_jessica
D:3:      layout_rooms, gammafunk_temple_overflow_elements, minmay_lizard_king
D:4:      layout_basic, minmay_temple_entry_mini_moons

Skill      XL: |  1  2  3 |
---------------+----------+-----
Stealth        | 1 2 |  2.4
Fighting       | 3 |  3.7
Dodging        | 3 |  3.4
Ranged Weapons | |  4.6

Action                     |  1- 3 |  4- 6 || total
---------------------------+-------+-------++-------
   Fire: Shortbow          |    76 |    97 ||   173
    Use: Scroll            |     3 |       ||     3
 Armour: Leather armour    |     5 |    10 ||    15
  Dodge: Dodged            |    13 |    37 ||    50

Table legend: (Time is in decaauts)
 A = Elapsed time spent in this place.
 B = Non-inter-level travel time spent in this place.
 C = Inter-level travel time spent in this place.
 D = Time resting spent in this place.
 E = Time spent auto-exploring this place.
 F = Levels seen in this place.
 G = Mean time per level.
                   A        B        C        D        E       F      G
               +--------+--------+--------+--------+--------+-----+--------+
         Total |   2721 |   2580 |    141 |      0 |   2181 |   4 |  680.2 |
       Dungeon |   2721 |   2580 |    141 |      0 |   2181 |   4 |  680.2 |
               +--------+--------+--------+--------+--------+-----+--------+

Top non-repeatable levels by time:
     D:2: 1277 daAuts
     D:1: 899 daAuts
     D:3: 535 daAuts
     D:4: 8 daAuts
